 Dungeon Crawl Stone Soup version 0.30-a0-1116-gebefce21f7 (webtiles) character file.

Game seed: 13200765946259883783

293 retardedninja the Firebug (level 6, -30/44 HPs)
             Began as a Gnoll Fire Elementalist on Apr 21, 2023.
             Annihilated by a two-headed ogre
             ... wielding a +0 giant spiked club
              (35 damage)
             ... on level 4 of the Dungeon.
             The game lasted 00:06:31 (4757 turns).

retardedninja the Firebug (Gnoll Fire Elementalist) Turns: 4757, Time: 00:06:33

Health: -30/44     AC:  5    Str: 10    XL:     6   Next: 33%
Magic:  2/23       EV: 13    Int: 16    God:
Gold:   185        SH:  0    Dex: 13    Spells: 5/15 levels left

rFire   . . .      SeeInvis .    n - +3 spear "Qiaplo" {heavy, rC+ Will+ Str+3}
rCold   + . .      Faith    .    (no shield)
rNeg    . . .      Spirit   .    a - +0 robe
rPois   +          Reflect  .    o - +0 helmet
rElec   .          Rampage  .    (no cloak)
rCorr   .                        (no gloves)
Will    +....                    g - +1 pair of boots
Stlth   +++                      (no amulet)
HPRegen 0.27/turn                f - ring of poison resistance
MPRegen 0.18/turn                h - ring of magical power

@: no status effects
A: fangs 1, strong nose, distributed training
a: no special abilities


You were on level 4 of the Dungeon.
You visited 1 branch of the dungeon, and saw 4 of its levels.

You collected 185 gold pieces.

Inventory:

Hand Weapons
 i - the +10 war axe "Pecean" {venom, Int+2}
   (You found it on level 4 of the Dungeon)

   Int:       It affects your intelligence (+2).
 n - the +3 spear "Qiaplo" (weapon) {heavy, rC+ Will+ Str+3}
   (You found it on level 3 of the Dungeon)

   Str:       It affects your strength (+3).
   rC:        It protects you from cold.
   Will:      It increases your willpower.
Missiles
 b - 2 throwing nets
Armour
 a - a +0 robe (worn)
 g - a +1 pair of boots (worn)
 o - a +0 helmet (worn)
Jewellery
 f - a ring of poison resistance (left hand)
 h - a ring of magical power (right hand)
 r - a ring of flight
Wands
 d - a wand of polymorph (8)
Scrolls
 m - a scroll of poison
 q - a scroll of identify
Potions
 c - a potion of brilliance
 e - a potion of lignification
 j - a potion of flight
 l - a potion of ambrosia {unknown}
 p - a potion of curing


   Skills:
 + Level 2.0 Fighting
 + Level 2.0 Short Blades
 + Level 2.0 Long Blades
 + Level 2.0 Axes
 + Level 2.0 Maces & Flails
 + Level 2.0 Polearms
 + Level 2.0 Staves
 + Level 2.0 Ranged Weapons
 + Level 2.0 Throwing
 + Level 2.0 Armour
 + Level 5.0 Dodging
 + Level 4.6 Stealth
 + Level 2.0 Shields
 + Level 2.0 Unarmed Combat
 + Level 5.4 Spellcasting
 + Level 2.6 Conjurations
 + Level 1.5 Hexes
 + Level 1.5 Summonings
 + Level 1.5 Necromancy
 + Level 1.5 Translocations
 + Level 1.5 Transmutations
 + Level 5.6 Fire Magic
 + Level 1.5 Ice Magic
 + Level 1.5 Air Magic
 + Level 1.5 Earth Magic
 + Level 1.5 Poison Magic
 + Level 2.2 Invocations
 + Level 2.0 Evocations


You had 5 spell levels left.
You knew the following spells:

 Your Spells              Type           Power      Damage    Failure   Level
a - Foxfire               Conj/Fire      68%        2x1d7     2%          1
b - Scorch                Fire           44%        2d7       2%          2
c - Flame Wave            Conj/Fire      17%        2d7       26%         4
d - Inner Flame           Hex/Fire       15%        N/A       10%         3

Your spell library contained the following spells:

 Spells                   Type           Power      Damage    Failure   Level
 Momentum Strike          Conj/Tloc      22%        3d8       10%         2
 Volatile Blastmotes      Fire/Tloc      30%        2d12      10%         3
 Blink                    Tloc           18%        N/A       12%         2
 Lesser Beckoning         Tloc           18%        N/A       12%         2


Dungeon Overview and Level Annotations

Branches:
Dungeon (4/15)
 Temple: D:4-7

Altars:
Fedhas
Gozag
Kikubaaqudgha
Ru
Trog
Wu Jian
Yredelemnul
The Shining One


Innate Abilities, Weirdness & Mutations

You have very sharp teeth.
Your uncanny sense of smell can sniff out nearby items.
Your experience applies equally to all skills.


Message History

You hear a shout!
The two-headed ogre barely misses you.
The two-headed ogre hits you with a +0 giant club!
Casting: Flame Wave (quite dangerous; 26% risk of failure)
Confirm with . or Enter, or press ? or * to list all spells.
Flames lash the two-headed ogre.
The two-headed ogre is moderately wounded.
The two-headed ogre's fire resistance burns away.
The two-headed ogre closely misses you. x2
Unknown command.
Casting: Scorch (safe; 2% risk of failure)
Confirm with . or Enter, or press ? or * to list all spells.
Flames lash the two-headed ogre.
The two-headed ogre is burned terribly!
The two-headed ogre is heavily wounded.
The two-headed ogre misses you.
The two-headed ogre hits you with a +0 giant club!!
* * * LOW HITPOINT WARNING * * *
You feel much better.
Casting: Scorch (safe; 2% risk of failure)
Confirm with . or Enter, or press ? or * to list all spells.
Flames lash the two-headed ogre.
The two-headed ogre is burned terribly!
The two-headed ogre is severely wounded.
The two-headed ogre hits you with a +0 giant spiked club!
The two-headed ogre hits you with a +0 giant club!
* * * LOW HITPOINT WARNING * * *
You feel much better.
The two-headed ogre hits you with a +0 giant spiked club!!
The two-headed ogre hits you with a +0 giant club!
* * * LOW HITPOINT WARNING * * *
Casting: Scorch (safe; 2% risk of failure)
Confirm with . or Enter, or press ? or * to list all spells.
Flames lash the two-headed ogre.
The two-headed ogre is burned terribly!
The two-headed ogre is severely wounded.
Casting: Scorch (safe; 2% risk of failure)
Confirm with . or Enter, or press ? or * to list all spells.
Flames lash the two-headed ogre.
The two-headed ogre is burned terribly!
The two-headed ogre is almost dead.
The two-headed ogre hits you with a +0 giant spiked club!!
Ouch! That really hurt!
You die...

...#.##O#.#?#.O#..#.# #.#
...#....#.. ..#....#####.#####
..##'###########.##...........#
###.....#......#.####.........#
#.#.#.#.#..#.#.# #.........#
#..#..#..##..#.# #.#########
#.#.#.#..##..#.####.######
#.....'.#..#.#....#......##
#######......O@...........## .
########.............# ..
#.........[..#.#.#
#.)..............##
#............#.#..# ∆
#.................#
#..........[......#
##..............###
##.....#.#.#..##


You could see a two-headed ogre (combustible).

Vanquished Creatures
  A phantom (D:4)
  An orc priest (D:3)
  A sleepcap (D:3)
  4 adders
  3 gnolls (D:3)
  A white imp (D:4)
  4 worms
  9 orcs
  7 endoplasms
  3 giant cockroaches
  8 goblins
  5 hobgoblins
  4 jackals (D:2)
  3 quokkas (D:4)
  4 ball pythons
  2 bats
  3 frilled lizards
  4 kobolds
  3 rats
70 creatures vanquished.

Vanquished Creatures (collateral kills)
  23 foxfires
23 creatures vanquished.

Vanquished Creatures (others)
  306 foxfires
  2 plants (D:2)
308 creatures vanquished.

Grand Total: 401 creatures vanquished

Notes
Turn   | Place    | Note
-------+----------+-------------------------------------------
     0 | D:1      | retardedninja the Gnoll Fire Elementalist began the quest
                  | for the Orb.
     0 | D:1      | Reached XP level 1. HP: 13/13 MP: 6/6
   790 | D:2      | Reached XP level 2. HP: 11/19 MP: 4/7
  1506 | D:2      | Reached skill level 5 in Spellcasting
  1506 | D:2      | Reached XP level 3. HP: 25/25 MP: 4/9
  1641 | D:2      | Reached skill level 1 in Invocations
  1777 | D:2      | Reached skill level 1 in Fighting
  1777 | D:2      | Reached skill level 1 in Short Blades
  1777 | D:2      | Reached skill level 1 in Long Blades
  1777 | D:2      | Reached skill level 1 in Axes
  1777 | D:2      | Reached skill level 1 in Maces & Flails
  1777 | D:2      | Reached skill level 1 in Polearms
  1777 | D:2      | Reached skill level 1 in Staves
  1777 | D:2      | Reached skill level 1 in Ranged Weapons
  1777 | D:2      | Reached skill level 1 in Throwing
  1777 | D:2      | Reached skill level 1 in Armour
  1777 | D:2      | Reached skill level 1 in Shields
  1777 | D:2      | Reached skill level 1 in Unarmed Combat
  1777 | D:2      | Reached skill level 1 in Evocations
  2620 | D:2      | Learned a level 2 spell: Scorch
  2625 | D:3      | Reached XP level 4. HP: 21/32 MP: 3/11
  2633 | D:3      | Reached skill level 1 in Hexes
  2633 | D:3      | Reached skill level 1 in Summonings
  2633 | D:3      | Reached skill level 1 in Necromancy
  2633 | D:3      | Reached skill level 1 in Translocations
  2633 | D:3      | Reached skill level 1 in Transmutations
  2633 | D:3      | Reached skill level 1 in Ice Magic
  2633 | D:3      | Reached skill level 1 in Air Magic
  2633 | D:3      | Reached skill level 1 in Earth Magic
  2633 | D:3      | Reached skill level 1 in Poison Magic
  2943 | D:3      | Found an opulent altar of Gozag.
  2947 | D:3      | Found an ancient bone altar of Kikubaaqudgha.
  2951 | D:3      | Found a glowing golden altar of the Shining One.
  3068 | D:3      | Reached XP level 5. HP: 17/37 MP: 0/12
  3075 | D:3      | Identified the +3 spear "Qiaplo" {heavy, rC+ Will+ Str+3}
  3836 | D:3      | Learned a level 4 spell: Flame Wave
  3859 | D:3      | Found an ornate altar of the Wu Jian Council.
  4153 | D:4      | Found a bloodstained altar of Trog.
  4154 | D:4      | Found a sacrificial altar of Ru.
  4155 | D:4      | Found a blossoming altar of Fedhas.
  4155 | D:4      | Found a basalt altar of Yredelemnul.
  4204 | D:4      | Identified the +10 war axe "Pecean" {venom, Int+2}
  4469 | D:4      | Noticed a two-headed ogre
  4641 | D:4      | Learned a level 3 spell: Inner Flame
  4642 | D:4      | Noticed a phantom
  4731 | D:4      | Killed a phantom
  4732 | D:4      | Reached skill level 5 in Dodging
  4732 | D:4      | Reached XP level 6. HP: 38/44 MP: 14/14
  4757 | D:4      | Annihilated by a two-headed ogre

Illustrated notes

Levels and vault maps discovered:
D:1:      tarquinn_simple_flora_water_b, layout_loops_cross, dk_noncrumbling_2,
          minivault_4
D:2:      layout_loops_cross, serial_forest, infiniplex_forest_end_2,
          infiniplex_forest_lined_room_2, infiniplex_forest_lined_room_2,
          infiniplex_forest_fountain, infiniplex_forest_zigzag_2,
          infiniplex_forest_clump_cross, infiniplex_forest_clump_tiny,
          small_statue_intersection, chequers_serial_rivers_micro_b,
          kennysheep_decorative_pillar
D:3:      layout_basic, pdpol_wu_jian_five_deadly_venoms,
          grunt_temple_overflow_diamond, serial_aquarium, aquarium_bridge_square
          [aquarium_subvault_bridge, aquarium_subvault_bridge,
          aquarium_subvault_bridge, aquarium_subvault_bridge],
          aquarium_bridge_island_small [aquarium_subvault_small_open,
          aquarium_subvault_wall, aquarium_subvault_bridge,
          aquarium_subvault_window, aquarium_subvault_window],
          aquarium_window_corridor_3, aquarium_window_fake,
          aquarium_window_fake, aquarium_window_fake, aquarium_view_2b,
          corexii_shack
D:4:      minmay_clustersquares, layout_rooms, mainiacjoe_overflow_alcove_3,
          serial_glass, glass_columns_b, glass_columns_b, glass_columns_a,
          glass_columns_b, glass_columns_a, glass_columns_b, glass_columns_a,
          glass_columns_b, glass_columns_b, glass_columns_a

Skill      XL: |  1  2  3  4  5 |
---------------+----------------+-----
Conjurations   | 2 |  2.6
Spellcasting   | 5 |  5.4
Invocations    | 1 2 |  2.2
Fighting       | 1 2 |  2.0
Short Blades   | 1 2 |  2.0
Long Blades    | 1 2 |  2.0
Axes           | 1 2 |  2.0
Maces & Flails | 1 2 |  2.0
Polearms       | 1 2 |  2.0
Staves         | 1 2 |  2.0
Ranged Weapons | 1 2 |  2.0
Throwing       | 1 2 |  2.0
Armour         | 1 2 |  2.0
Shields        | 1 2 |  2.0
Unarmed Combat | 1 2 |  2.0
Evocations     | 1 2 |  2.0
Hexes          | 1 |  1.5
Summonings     | 1 |  1.5
Necromancy     | 1 |  1.5
Translocations | 1 |  1.5
Transmutations | 1 |  1.5
Ice Magic      | 1 |  1.5
Air Magic      | 1 |  1.5
Earth Magic    | 1 |  1.5
Poison Magic   | 1 |  1.5
Dodging        | 5 |  5.0
Stealth        | |  4.6
Fire Magic     | |  5.6

Action                     |  1- 3 |  4- 6 || total
---------------------------+-------+-------++-------
  Melee: Unarmed           |    55 |       ||    55
         Bite              |     9 |       ||     9
         Punch             |     1 |       ||     1
         Flail             |       |     3 ||     3
         Spear             |       |     1 ||     1
   Cast: Foxfire           |    96 |   104 ||   200
         Scorch            |     2 |    22 ||    24
         Flame Wave        |       |     1 ||     1
    Use: Potion            |       |     7 ||     7
         Scroll            |       |     5 ||     5
 Armour: Robe              |     5 |    12 ||    17
  Dodge: Dodged            |    23 |    61 ||    84

Table legend: (Time is in decaauts)
 A = Elapsed time spent in this place.
 B = Non-inter-level travel time spent in this place.
 C = Inter-level travel time spent in this place.
 D = Time resting spent in this place.
 E = Time spent auto-exploring this place.
 F = Levels seen in this place.
 G = Mean time per level.
                   A        B        C        D        E       F      G
               +--------+--------+--------+--------+--------+-----+--------+
         Total |   4758 |   4672 |     86 |    455 |   3397 |   4 | 1189.5 |
       Dungeon |   4758 |   4672 |     86 |    455 |   3397 |   4 | 1189.5 |
               +--------+--------+--------+--------+--------+-----+--------+

Top non-repeatable levels by time:
     D:2: 1836 daAuts
     D:3: 1454 daAuts
     D:1: 784 daAuts
     D:4: 683 daAuts
